 Dungeon Crawl Stone Soup version 0.31-a0-1005-gfbdfbac (webtiles) character file.

Game seed: 11611657888783000115

92 Partyfoot the Trooper (level 4, -1/37 HPs)
             Began as a Demonspawn Fighter on Nov 11, 2023.
             Slain by Terence
             ... wielding a +1 heavy mace
              (6 damage)
             ... on level 2 of the Dungeon.
             The game lasted 00:03:52 (1020 turns).

Partyfoot the Trooper (Demonspawn Fighter)          Turns: 1020, Time: 00:03:52

Health: -1/37      AC:  8    Str: 19    XL:     4   Next: 35%
Magic:  4/4        EV:  9    Int:  9    God:
Gold:   58         SH:  4    Dex: 12    Spells: 3/3 levels left

rFire   . . .        a - +0 flail
rCold   . . .        c - +0 buckler
rNeg    . . .        b - +0 scale mail
rPois   .            (no helmet)
rElec   .            (no cloak)
rCorr   .            (no gloves)
SInv    .            h - +0 pair of boots
Will    .....        (no amulet) Stlth
                     (no ring)
HPRegen 0.26/turn    (no ring)
MPRegen 0.09/turn

%: no passive effects
@: no status effects
A: weakness stinger 1
a: no special abilities


You were on level 2 of the Dungeon.
You visited 1 branch of the dungeon, and saw 2 of its levels.

You collected 58 gold pieces.

Inventory:

Hand Weapons
 a - a +0 flail (weapon)
Armour
 b - a +0 scale mail (worn)
 c - a +0 buckler (worn)
 h - a +0 pair of boots (worn)
Jewellery
 j - a ring of resist corrosion
Scrolls
 k - a scroll of identify {unknown}
Potions
 d - 2 potions of might
 e - a potion of curing {unknown}
 f - a potion of degeneration {unknown}
 g - a potion of lignification {unknown}
 i - a potion of resistance {unknown}


   Skills:
 + Level 3.7 Fighting
 + Level 2.5 Maces & Flails
 + Level 3.2 Armour
 + Level 3.3 Shields


You had 3 spell levels left.
You didn't know any spells.
Your spell library was empty.

Dungeon Overview and Level Annotations

Branches:
Dungeon (2/15)

Altars:

Annotations:
D:2 Terence


Innate Abilities, Weirdness & Mutations

You have a small tail.


Message History

You closely miss the goblin.
The goblin hits you but does no damage. x2
You barely miss the goblin.
Your tail-slap misses the goblin.
The goblin hits you but does no damage.
You closely miss the goblin. You tail-slap the goblin.
You kill the goblin!
There are no items here.
You barely miss the goblin.
The goblin hits you but does no damage. x2
You barely miss the goblin. The goblin barely misses you.
You hit the goblin.
The goblin is severely wounded.
The goblin hits you but does no damage.
You hit the goblin.
You kill the goblin!
The goblin hits you but does no damage.
You closely miss the goblin. The goblin barely misses you.
You closely miss the goblin. The goblin hits you with a +0 club.
You closely miss the goblin.
Your tail-slap misses the goblin.
You block the goblin's attack.
You thump the goblin!
You kill the goblin!
The goblin hits you but does no damage.
You sock the goblin!
You kill the goblin!
You barely miss Terence. Terence hits you with a +1 heavy mace!
You hit Terence.
Terence is moderately wounded.
You block Terence's attack.
You closely miss Terence.
Your tail-slap misses Terence.
Terence is moderately wounded.
Terence barely misses you.
You barely miss Terence.
You tail-slap Terence, but do no damage.
Terence is moderately wounded.
Terence hits you with a +1 heavy mace!
* * * LOW HITPOINT WARNING * * *
You hit Terence.
Terence is heavily wounded.
Terence hits you with a +1 heavy mace.
You die...
Terence says, "Rest in peace."

##..........#
#..?)......#
###.[........#
..............#
..........h...#
.........ggg..#
.......######g####
###.......# #@#
..........# #@#
#.......# #.#
###.......# #.#
..#.......# #.#
..........# ##.#
..........### #..#
..8.........###.##
..8.......#.#...######
..~###......>.###~~~~#


You could see Terence, a jackal, 2 hobgoblins and 2 goblins.

Vanquished Creatures
  Robin (D:2)
  An adder (D:2)
  2 worms (D:2)
  2 dart slugs (D:1)
  5 bats (D:1)
  5 endoplasms
  2 giant cockroaches
  11 goblins
  7 hobgoblins
  3 jackals (D:2)
  3 kobolds (D:1)
  4 quokkas
  4 ball pythons
  A frilled lizard (D:2)
  4 rats
55 creatures vanquished.

Notes
Turn   | Place    | Note
-------+----------+-------------------------------------------
     0 | D:1      | Partyfoot the Demonspawn Fighter began the quest for the
                  | Orb.
     0 | D:1      | Reached XP level 1. HP: 18/18 MP: 1/1
   112 | D:1      | Gained mutation: You have a small tail. [demonic ancestry]
   112 | D:1      | Reached XP level 2. HP: 16/24 MP: 2/2
   265 | D:1      | Found a faded altar of an unknown god.
   330 | D:1      | Reached XP level 3. HP: 17/29 MP: 3/3
   975 | D:2      | Noticed Robin
   979 | D:2      | Reached XP level 4. HP: 32/35 MP: 4/4
   982 | D:2      | Killed Robin
   988 | D:2      | Noticed Terence
  1020 | D:2      | Slain by Terence

Illustrated notes

Levels and vault maps discovered:
D:1:      sevenhm_arrival_forest_fort_large_4, layout_rooms,
          chequers_ecumenical_altar_island, minmay_domino_2
D:2:      wander_river, layout_basic, uniq_robin, uniq_jessica, uniq_terence

Skill      XL: |  1  2 |
---------------+-------+-----
Maces & Flails | 2 |  2.5
Armour         | 3 |  3.2
Shields        | 3 |  3.3
Fighting       | |  3.7

Action                     |  1- 3 |  4- 6 || total
---------------------------+-------+-------++-------
  Melee: Flail             |   125 |    33 ||   158
         Tailslap          |    15 |     4 ||    19
 Armour: Scale mail        |    90 |    27 ||   117
  Dodge: Dodged            |    62 |    14 ||    76
  Block: Buckler           |    25 |     9 ||    34

Table legend: (Time is in decaauts)
 A = Elapsed time spent in this place.
 B = Non-inter-level travel time spent in this place.
 C = Inter-level travel time spent in this place.
 D = Time resting spent in this place.
 E = Time spent auto-exploring this place.
 F = Levels seen in this place.
 G = Mean time per level.
                   A        B        C        D        E       F      G
               +--------+--------+--------+--------+--------+-----+--------+
         Total |   1101 |   1042 |     59 |     99 |    592 |   2 |  550.5 |
       Dungeon |   1101 |   1042 |     59 |     99 |    592 |   2 |  550.5 |
               +--------+--------+--------+--------+--------+-----+--------+

Top non-repeatable levels by time:
     D:1: 692 daAuts
     D:2: 409 daAuts
